[Event "8th Montevideo Open 2025"]
[Site "Montevideo"]
[Date "2025.02.01"]
[Round "2.12"]
[White "Brizzi, Milagros Tatiana"]
[Black "Balseca Moreno, Diego"]
[Result "1-0"]
[Annotator "TA"]
[ECO "B50"]
[WhiteElo "2150"]
[BlackElo "2269"]
[PlyCount "67"]
[EventDate "2025.02.01"]
[EventType "swiss"]
[EventCountry "URU"]
[SourceTitle "playchess.com"]
[Source "ChessBase"]
[SourceQuality "1"]
[TimeControl "5400+30"]

1. e4 c5 2. Nf3 d6 3. d3 Nc6 4. g3 Bg4 5. Bg2 Nd4 6. Nbd2 Nxf3+ 7. Nxf3 Bxf3 (7... e5 $11) 8. Qxf3 $16 {[%emt 0:00:37] White is better.} e6 9. O-O g6 10. c3 {[%emt 0:05:03][%cal Oe4e5] White is more active.} Bg7 11. Be3 Ne7 12. e5 Nc6 13. exd6 Qxd6 14. h4 O-O 15. h5 Rac8 16. Rad1 b6 17. Bg5 ({White should play} 17. h6 $14 Bh8 18. Bg5) 17... h6 18. Bc1 {[%emt 0:02:30] A strong pair of Bishops.} g5 19. Rfe1 (19. Qe2 $11) 19... f5 (19... b5 $15) 20. Qe2 $36 {[%emt 0:07:18][%mdl 2048] White has some pressure.} e5 {[%emt 0:03:08] [#]} 21. f4 $1 exf4 22. gxf4 Rfe8 {[%emt 0:08:34][%mdl 8192] Wards off Qe6+. This move loses the game for Black.} (22... Bf6 $1 $11 {and Black stays safe.}) 23. Qxe8+ $18 Rxe8 24. Rxe8+ Kf7 {[%emt 0:00:12] [#] Black is weak on the light squares} 25. Rde1 g4 $2 {[%emt 0:02:00] [#]} (25... Nd4 26. R1e7+ (26. cxd4 Qxd4+ 27. Be3 Qxd3 $18) (26. fxg5 hxg5 27. R1e7+ Kf6 $18) 26... Qxe7 27. Rxe7+ Kxe7) 26. R8e6 $1 Qxd3 (26... Qd7 27. Bxc6) 27. Bxc6 Bf6 {[%emt 0:00:09] Repels Re7+} 28. R6e3 Qd6 29. Bb5 {[%emt 0:01:56] And now Rd3 would win.} Bh4 30. Rd3 Qb8 31. Bc4+ Kg7 32. Rd7+ Kh8 33. Re6 Bg5 34. Rg6 {[%emt 0:01:00] Weighted Error Value: White=0.14 (very precise) /Black=0.80.  Loses game:     	---       	Black=1      Mistake:       	White=2     	Black=3      Inaccurate:     	White=4     	Black=3      OK:         	White=2     	Black=4      Best:        	White=1     	Black=1} (34. fxg5 $142 Qg3+ 35. Kf1 Qh3+ 36. Ke1 Qh1+ 37. Kd2 Qh2+ 38. Kd1 Qg1+ 39. Kc2 (39. Re1 Qxe1+ 40. Kxe1 b5 41. g6 bxc4 42. Bxh6 Kg8 43. Rd8#)) 1-0

[Event "8th Montevideo Open 2025"]
[Site "Montevideo"]
[Date "2025.02.01"]
[Round "2.13"]
[White "Volpe, Agustin"]
[Black "Bauza, Alejandro"]
[Result "0-1"]
[Annotator "TA"]
[ECO "E11"]
[WhiteElo "1873"]
[BlackElo "2116"]
[PlyCount "96"]
[EventDate "2025.02.01"]
[EventType "swiss"]
[EventCountry "URU"]
[SourceTitle "playchess.com"]
[Source "ChessBase"]
[SourceQuality "1"]
[TimeControl "5400+30"]

1. d4 Nf6 2. c4 e6 3. Nf3 Bb4+ 4. Nbd2 d6 5. a3 Bxd2+ 6. Bxd2 b6 7. Bg5 Bb7 8. e3 Nbd7 9. Be2 h6 {[%emt 0:04:08] E11: Bogo-Indian.} 10. Bxf6 Qxf6 11. O-O {[%emt 0:00:58] Not much happening anymore} O-O {[%emt 0:00:46] The position is equal.} 12. Nd2 a5 $146 (12... e5 13. Bf3 Bxf3 14. Nxf3 Rad8 15. b4 Qe7 16. Qa4 a5 17. bxa5 Ra8 18. a6 Ra7 {½-½ Alivodic,D (1834)-Kreutzmann,D (1975) EU-ch U14 26th 2016 (7)}) 13. Bf3 Bxf3 14. Qxf3 Qxf3 15. Nxf3 a4 16. h3 f5 17. Rfe1 Ra5 18. Rac1 g5 19. Nd2 Kg7 20. e4 ({White should try} 20. Nb1 $11) 20... f4 $15 21. Nb1 e5 {[%emt 0:03:05] Black is more active.} 22. Rcd1 exd4 23. Rxd4 Ne5 24. Nc3 Rc5 (24... f3 $17 {Strongly threatening ...fxg2.} 25. g4 Rf4) 25. Nxa4 $11 Rxc4 26. Rxc4 Nxc4 {[%emt 0:00:30][%mdl 4096] Endgame KRN-KRN} 27. Rc1 b5 28. b3 (28. Nc3 $11 {remains equal.} c6 29. Rc2) 28... bxa4 $17 ({Much weaker is} 28... Nxa3 $6 29. Rxc7+ Rf7 30. Rxf7+ Kxf7 31. Nc3 $11) 29. Rxc4 axb3 30. Rxc7+ {[%emt 0:00:30] KR-KR Now White is beyond hope.} (30. Rb4 $17) 30... Rf7 $19 31. Rc1 Ra7 {[%emt 0:00:30][%cal Og7f6] [#]} 32. Rb1 $2 (32. Ra1 {was worth a try.}) 32... Rxa3 33. Kf1 Kf6 34. Ke2 Ra2+ 35. Kf3 b2 {[%emt 0:00:30] [#]} 36. Ke2 Ke5 37. f3 (37. Kd3) 37... Kd4 {[%emt 0:00:30] ( -> ...Kc3)} 38. Kd2 h5 39. Kc2 Ke3 40. Rd1 Ra1 {[%emt 0:00:30] Black mates.} 41. Rd3+ Ke2 42. Rd2+ Ke1 43. Kxb2 Kxd2 44. Kxa1 {[%emt 0:00:30] KP-KP} Ke2 45. Kb2 Kf2 46. Kc3 Kxg2 47. Kd4 Kxf3 48. Kd5 g4 {[%emt 0:00:30] Weighted Error Value: White=0.54/Black=0.04 (flawless)   Loses game:     	White=1     	---        Mistake:       	White=4     	Black=1      Inaccurate:     	White=1     	---        OK:         	White=10    	Black=12     Best:        	White=3     	Black=5} 0-1

[Event "8th Montevideo Open 2025"]
[Site "Montevideo"]
[Date "2025.02.01"]
[Round "2.14"]
[White "Curi, Gabriel"]
[Black "Martinez Tagliafico, Sergio"]
[Result "1/2-1/2"]
[Annotator "TA"]
[ECO "B70"]
[WhiteElo "2115"]
[BlackElo "1831"]
[PlyCount "71"]
[EventDate "2025.02.01"]
[EventType "swiss"]
[EventCountry "URU"]
[SourceTitle "playchess.com"]
[Source "ChessBase"]
[SourceQuality "1"]
[TimeControl "5400+30"]

1. e4 c5 2. Nf3 Nc6 3. d4 cxd4 4. Nxd4 g6 5. Ne2 Bg7 6. Nbc3 Nf6 7. g3 O-O 8. Bg2 d6 9. O-O Bd7 10. h3 Rc8 11. a4 b6 {[%emt 0:07:56] B70: Sicilian Dragon: 6 g3 and 6 Be2 (without a later Be3).} 12. Nd5 Nxd5 13. exd5 Ne5 {[%emt 0:04:56] The position is equal.} 14. Ra2 Qc7 15. b3 f6 $146 (15... Bf5 $142) (15... a6 16. Nd4 b5 17. axb5 axb5 18. f4 Ng4 19. hxg4 Qc3 20. Ne2 Qc5+ 21. Kh2 Bxg4 {1-0 Baches Garcia,G (2329)-Roebers,J (2170) Titled Tuesday intern op 10th Nov blitz 2020 (5)}) 16. c4 a6 17. Nd4 Rb8 (17... Rfe8 $16 {was necessary.} 18. f4 Nxc4) 18. Re1 Rfe8 19. f4 Nf7 20. Kh2 b5 (20... f5 $142 21. Bb2 Nd8) 21. cxb5 $18 axb5 22. a5 b4 (22... Ra8 $142 23. Bd2 Qb8) 23. Be3 Nh6 24. Qd2 Nf5 25. Nxf5 Bxf5 26. a6 Qc3 27. a7 Ra8 28. Rc1 Qxb3 29. Bf1 (29. Rb2 Qa3 30. Ra2 (30. Rxb4 Rxa7 31. Bxa7 Qxa7 $18) (30. g4 Bd7 $18) 30... Qd3 31. Qxd3 Bxd3 $18) 29... Rec8 {[%emt 0:02:22] Prevents Bc4.} 30. Rxc8+ (30. Rb2 Qa3 31. Rc6 (31. Qxb4 Qxe3 32. Rxc8+ Bxc8 $11) (31. Rxc8+ Bxc8 32. Rxb4 Rxa7 $18) 31... Rxa7 $16 (31... b3 $2 32. Qc3 $18)) 30... Bxc8 31. Rb2 $2 {[%emt 0:00:00] [#]} (31. Bb5 $18 {has better winning chances.}) 31... Qa3 $16 32. Qxb4 $2 (32. Rxb4 $16 {and life is bright. Threatens to win with Rb8.} Rxa7 33. Bxa7 Qxa7 34. h4) 32... Qxe3 $17 33. Qb8 Qxa7 34. Qxa7 Rxa7 35. Rb8 Rc7 (35... Ra2+ $17 36. Kg1 Kf7 (36... Rc2 37. Ba6 $17) 37. Rxc8 f5) 36. Ba6 {[%emt 0:00:00] Weighted Error Value: White=0.37/Black=0.39  Missed win:     	White=1     	---        Mistake:       	White=1     	Black=5      Inaccurate:     	---       	Black=2      OK:         	White=12    	Black=3      Best:        	White=2     	Black=2} 1/2-1/2

[Event "8th Montevideo Open 2025"]
[Site "Montevideo"]
[Date "2025.02.01"]
[Round "2.15"]
[White "Traverso, Luis"]
[Black "Carvalho, Guillermo"]
[Result "0-1"]
[Annotator "RC"]
[ECO "A57"]
[WhiteElo "1648"]
[BlackElo "2094"]
[PlyCount "56"]
[EventDate "2025.02.01"]
[EventType "swiss"]
[EventCountry "URU"]
[SourceTitle "playchess.com"]
[Source "ChessBase"]
[SourceQuality "1"]
[TimeControl "5400+30"]

1. d4 c5 2. d5 Nf6 3. c4 b5 4. b3 e6 5. dxe6 fxe6 6. e3 bxc4 7. Bxc4 Bb7 8. Nf3 Be7 9. O-O O-O 10. Nc3 d5 11. Bd3 Ne4 12. Bb2 Bf6 13. Qc2 Bxc3 14. Bxc3 Nxc3 15. Qxc3 Rxf3 16. Bxh7+ Kxh7 17. Qd3+ Rf5 18. e4 Rf6 19. f4 Rh6 20. Rf3 Qf6 21. e5+ Qf5 22. Qb5 Qf7 23. Raf1 Ba6 24. Qxc5 Bxf1 25. Qc2+ Qg6 26. f5 Qxg2+ 27. Qxg2 Bxg2 28. Kxg2 Nd7 0-1

[Event "8th Montevideo Open 2025"]
[Site "Montevideo"]
[Date "2025.02.01"]
[Round "2.16"]
[White "De Lima, Adriano Gaspar"]
[Black "Fauci, Bruno"]
[Result "1-0"]
[Annotator "NA RC"]
[ECO "E81"]
[WhiteElo "2073"]
[BlackElo "1654"]
[PlyCount "51"]
[EventDate "2025.02.01"]
[EventType "swiss"]
[EventCountry "URU"]
[SourceTitle "playchess.com"]
[Source "ChessBase"]
[SourceQuality "1"]
[TimeControl "5400+30"]

1. d4 Nf6 2. c4 g6 3. Nc3 Bg7 4. e4 d6 5. f3 Na6 6. Be3 O-O 7. Bd3 c5 8. Nge2 Nd7 9. Qd2 e5 10. d5 Nc7 11. g4 a6 12. h4 Rb8 13. h5 b5 14. Bh6 Qf6 15. Bg5 Qxf3 16. O-O-O f6 17. Be3 g5 18. h6 Bh8 19. Bxg5 fxg5 20. Qxg5+ Kf7 21. Rdf1 Qxf1+ 22. Rxf1+ Bf6 23. Rxf6+ Nxf6 24. Qg7+ Ke8 25. Qxc7 Nd7 26. cxb5 1-0

[Event "8th Montevideo Open 2025"]
[Site "Montevideo"]
[Date "2025.02.01"]
[Round "2.17"]
[White "Pizarro, Nick"]
[Black "Izquierdo, Daniel"]
[Result "1/2-1/2"]
[Annotator "NA RC"]
[ECO "B42"]
[WhiteElo "1594"]
[BlackElo "2069"]
[PlyCount "104"]
[EventDate "2025.02.01"]
[EventType "swiss"]
[EventCountry "URU"]
[SourceTitle "playchess.com"]
[Source "ChessBase"]
[SourceQuality "1"]
[TimeControl "5400+30"]

1. e4 c5 2. Nf3 e6 3. d4 cxd4 4. Nxd4 a6 5. Bd3 Nc6 6. Nxc6 bxc6 7. O-O d6 8. Nd2 Nf6 9. Re1 e5 10. h3 Be7 11. Nf3 O-O 12. Kh1 Nd7 13. c3 Bf6 14. Bc2 Bb7 15. Qxd6 Nb6 16. Qxd8 Rfxd8 17. Bb3 a5 18. Be3 Nc8 19. Bg5 a4 20. Bxf6 gxf6 21. Bc2 Nd6 22. Rad1 Kf8 23. Nh4 Bc8 24. Rd2 Be6 25. Red1 Ke7 26. Nf5+ Bxf5 27. exf5 a3 28. b3 Nb5 29. Rxd8 Rxd8 30. Rxd8 Kxd8 31. b4 Nxc3 32. Bb3 Ke7 33. g4 Kd6 34. Kg2 Nd5 35. Kf3 Nxb4 36. Ke4 Nd5 37. h4 h6 38. Kd3 Kc5 39. f3 Kb4 40. Kd2 Nf4 41. Bxf7 c5 42. g5 fxg5 43. h5 c4 44. f6 c3+ 45. Kc2 Kc5 46. Kxc3 Kd6 47. Kb3 e4 48. fxe4 g4 49. Bc4 g3 50. Bf1 Ke6 51. e5 Kxe5 52. f7 Ne6 1/2-1/2

[Event "8th Montevideo Open 2025"]
[Site "Montevideo"]
[Date "2025.02.01"]
[Round "2.18"]
[White "Meza, Anahi"]
[Black "Vigo, Luis"]
[Result "1-0"]
[Annotator "NA RC"]
[ECO "D10"]
[WhiteElo "2038"]
[BlackElo "1610"]
[PlyCount "81"]
[EventDate "2025.02.01"]
[EventType "swiss"]
[EventCountry "URU"]
[SourceTitle "playchess.com"]
[Source "ChessBase"]
[SourceQuality "1"]
[TimeControl "5400+30"]

1. d4 d5 2. c4 c6 3. cxd5 cxd5 4. Nc3 Bf5 5. Qb3 Nc6 6. e3 Qd7 7. Qxd5 Qxd5 8. Nxd5 O-O-O 9. Nc3 Nb4 10. e4 Nc2+ 11. Kd1 Nxa1 12. exf5 Rxd4+ 13. Bd2 g6 14. Nf3 Rd8 15. Kc1 Bg7 16. Bc4 gxf5 17. Kb1 e6 18. Kxa1 Nf6 19. Bf4 Ng4 20. Nb5 Nxf2 21. Nxa7+ Kd7 22. Rf1 Ke7 23. Bg5+ f6 24. Bd2 Ne4 25. Bb4+ Kf7 26. Nb5 Bf8 27. Ba5 Rc8 28. Nc7 Nc5 29. b4 Bd6 30. Nb5 Ne4 31. Bb3 Rc6 32. Nbd4 Ra6 33. Bxe6+ Ke8 34. Bc4 Ra8 35. Nxf5 Kf8 36. Bd5 Nc3 37. Bxb7 Rb8 38. Nxd6 Ke7 39. Nf5+ Kf7 40. Bc6 Rhg8 41. Nh6+ 1-0

[Event "8th Montevideo Open 2025"]
[Site "Montevideo"]
[Date "2025.02.01"]
[Round "2.19"]
[White "Vazquez, Facundo"]
[Black "Onetto, Gaston"]
[Result "1-0"]
[Annotator "TA"]
[ECO "D00"]
[WhiteElo "2404"]
[BlackElo "1769"]
[PlyCount "87"]
[EventDate "2025.02.01"]
[EventType "swiss"]
[EventCountry "URU"]
[SourceTitle "playchess.com"]
[Source "ChessBase"]
[SourceQuality "1"]
[TimeControl "5400+30"]

1. d4 d5 2. Nc3 Nf6 3. Bf4 c6 4. e3 Bf5 5. f3 h6 6. g4 Bh7 7. h4 g5 8. Bg3 $16 {[%emt 0:01:43] White is better.} Bg7 (8... gxh4 9. Bxh4 (9. Rxh4 Qb6 $11) 9... Qb6) 9. hxg5 hxg5 10. Bd3 (10. Qd2 $142) 10... Nbd7 11. Bxh7 Rxh7 12. Rxh7 Nxh7 13. Qd3 Nhf8 14. Nh3 Bf6 (14... e5 $11 {remains equal.}) 15. e4 dxe4 16. Nxe4 Qa5+ 17. c3 Ne6 18. a3 O-O-O 19. Kf1 Ndc5 20. Nxc5 (20. dxc5 $2 Rxd3 21. Kg2 Qb5 $19 (21... Nxc5 $2 22. b4 $19)) 20... Qxc5 21. Re1 Qd5 22. Kg2 c5 23. b4 Qa2+ 24. Re2 {[%emt 0:00:26] Active counter play!} Qxa3 (24... Qb3 $1 $11 25. Qc2 Qxa3) 25. Qc4 $14 Qa6 {[%emt 0:16:42] This costs Black the game.} ({Black should try} 25... Qc1 $1 $14 26. d5 Nc7) 26. Qxa6 $1 $18 bxa6 27. bxc5 Kb7 28. Ra2 Rd7 (28... Bg7 $142 29. Nf2 Nf4+ 30. Bxf4 gxf4) 29. Nf2 Bg7 30. Nd3 Nd8 31. Nb4 Nc6 32. Nxc6 (32. Rxa6 Nxb4 33. Ra3 Nc6 $19) (32. Nxa6 Rd8 33. Nc7 e5 $18) 32... Kxc6 33. Rxa6+ {[%emt 0:00:05][%mdl 4096] Endgame KRB-KRB. White is a pawn up.} Kd5 34. c6 Rd8 35. Rxa7 ({Don't take} 35. c7 Rc8 36. Ra5+ (36. Rxa7 Kc6 $18) 36... Kc6 37. Rc5+ (37. Rxg5 Bh8 $18) (37. Rxa7 e5 $18) 37... Kb6 38. Rxg5 Bh8 $18) 35... Rc8 (35... Kxc6 {is a better defense.} 36. Rc7+ (36. Rxe7 Rd7 $18) 36... Kb5 37. Rxe7 Kc4 38. Rxf7 (38. Rc7+ Kd3 $18) 38... Bf8) 36. Rxe7 Rxc6 37. Rxf7 Bf6 38. Rc7 Rc4 {[%emt 0:00:34] [#]} 39. Be5 $1 {[%emt 0:00:42] and Rxc4 should not be overlooked} Bxe5 (39... Rxc7 40. Bxc7) 40. Rxc4 Kxc4 41. dxe5 {[%emt 0:00:07] White mates.} Kd5 {[%emt 0:00:04] [#]} 42. f4 $1 gxf4 43. Kf3 Kxe5 44. c4 {[%emt 0:47:22] Weighted Error Value: White=0.07 (flawless) /Black=0.62  Mistake:       	White=1     	Black=7      Inaccurate:     	White=4     	Black=2      OK:         	White=15    	Black=9      Best:        	White=4     	Black=1      Strong:       	White=1     	---} 1-0

[Event "8th Montevideo Open 2025"]
[Site "Montevideo"]
[Date "2025.02.01"]
[Round "2.20"]
[White "Estrada Nieto, Julian"]
[Black "Miller, Ariel"]
[Result "1-0"]
[Annotator "RC"]
[ECO "A43"]
[WhiteElo "2195"]
[BlackElo "1835"]
[PlyCount "98"]
[EventDate "2025.02.01"]
[EventType "swiss"]
[EventCountry "URU"]
[SourceTitle "playchess.com"]
[Source "ChessBase"]
[SourceQuality "1"]
[TimeControl "5400+30"]

1. e4 e6 2. d4 c5 3. d5 Nf6 4. Nc3 exd5 5. e5 Ng8 6. Nxd5 Ne7 7. Bg5 Nbc6 8. Nf3 h6 9. Bh4 Qa5+ 10. c3 Nxd5 11. Qxd5 g5 12. Bg3 Bg7 13. h4 g4 14. Nd2 O-O 15. Nc4 Qd8 16. Be2 Re8 17. Nd6 Re7 18. Nf5 Re8 19. Nxg7 Kxg7 20. Qxc5 Qe7 21. Qxe7 Rxe7 22. O-O-O d6 23. Rxd6 Nxe5 24. Bf4 Ng6 25. Be3 h5 26. Rd8 Rd7 27. Re8 Re7 28. Bd4+ Kh7 29. Rxe7 Nxe7 30. Bd3+ Nf5 31. Re1 Be6 32. Re5 Kg6 33. Be4 Rd8 34. g3 b6 35. a4 Rd6 36. a5 bxa5 37. Rxa5 a6 38. Be5 Rd8 39. Rxa6 Re8 40. Bd4 Rb8 41. b4 Rb5 42. Ra5 Rxa5 43. bxa5 Bc8 44. Bd3 f6 45. a6 Bxa6 46. Bxa6 Nd6 47. Bd3+ Kf7 48. c4 Ke6 49. c5 Kd5 1-0

[Event "8th Montevideo Open 2025"]
[Site "Montevideo"]
[Date "2025.02.01"]
[Round "2.21"]
[White "Pichuaga, Juan Pablo"]
[Black "Gonzalez Prestes, Marcos"]
[Result "1-0"]
[Annotator "TA"]
[ECO "C26"]
[WhiteElo "1973"]
[BlackElo "1596"]
[PlyCount "75"]
[EventDate "2025.02.01"]
[EventType "swiss"]
[EventCountry "URU"]
[SourceTitle "playchess.com"]
[Source "ChessBase"]
[SourceQuality "1"]
[TimeControl "5400+30"]

1. e4 e5 2. Nc3 Nc6 3. d3 Nf6 4. Bg5 Be7 5. Qd2 d6 6. Nge2 {[%emt 0:04:47] C26: Vienna Game: 2...Nf6, sidelines .} Be6 7. d4 exd4 8. Nxd4 {[%emt 0:01:06] The position is equal.} Nxd4 9. Qxd4 c5 $146 (9... O-O $11) (9... O-O 10. O-O-O Nd7 11. Bxe7 Qxe7 12. f4 Nb6 13. h4 f5 14. Re1 Qf7 15. a4 a5 {1-0 Jul Perez,A (1987)-Del Amo Carbo,J (2178) Barbera del Valles op 42nd 2019 (8)}) 10. Bb5+ $14 Bd7 ({Black should try} 10... Kf8 $1 $14 11. Qd2 h6) 11. Qa4 {[%emt 0:04:02][%cal Oe4e5] Black must now prevent e5!. White is more active.} Bxb5 12. Qxb5+ Qd7 13. Qxd7+ (13. O-O-O {feels hotter.} Rd8 14. Qd3 Qg4 15. Bxf6 Bxf6 16. Nd5) 13... Kxd7 14. O-O-O Ng4 {[%emt 0:07:28] Black is now going downhill.} (14... Kc6 $14) 15. Bxe7 $16 Kxe7 16. Nd5+ Kd7 17. Rd2 Ne5 (17... Rad8 $142) 18. Ne3 Rad8 19. Rhd1 Kc6 20. f4 Ng6 21. g3 $36 {[%emt 0:01:24][%mdl 2048] White has strong initiative.} Rd7 22. Nf5 Rhd8 23. Nxg7 d5 24. e5 d4 25. Nh5 Rc7 26. c3 Rdc8 27. cxd4 cxd4 28. Rxd4 Kb5+ 29. Kb1 Rc2 30. R4d2 R2c4 31. Nf6 Ne7 32. Nd5 Nf5 (32... Nxd5 $142 33. Rxd5+ Ka6) 33. b3 $18 {[%emt 0:42:11] White is clearly winning.} R4c5 34. a4+ Kc6 35. g4 Nh4 36. Ne7+ Kb6 37. Nxc8+ Rxc8 38. Rd6+ {[%emt 0:01:21] Weighted Error Value: White=0.15 (very precise) /Black=0.56  Mistake:       	---       	Black=5      Inaccurate:     	White=2     	---        OK:         	White=13    	Black=6      Best:        	White=3     	Black=1} 1-0

[Event "8th Montevideo Open 2025"]
[Site "Montevideo"]
[Date "2025.02.01"]
[Round "2.22"]
[White "Cardozo, Camila"]
[Black "Pos, Hans"]
[Result "1/2-1/2"]
[Annotator "TA"]
[ECO "A40"]
[WhiteElo "1677"]
[BlackElo "1950"]
[PlyCount "53"]
[EventDate "2025.02.01"]
[EventType "swiss"]
[EventCountry "URU"]
[SourceTitle "playchess.com"]
[Source "ChessBase"]
[SourceQuality "1"]
[TimeControl "5400+30"]

1. d4 c5 2. d5 g6 3. c4 Bg7 4. e4 d6 5. Nf3 Bg4 6. h3 {[%emt 0:04:38] A40: Unusual replies to 1 d4.} Bxf3 7. Qxf3 Nd7 8. Nc3 {[%emt 0:01:04] White is slightly better.} Ngf6 9. Bd3 Ne5 10. Qd1 Nxd3+ 11. Qxd3 Nd7 12. O-O O-O 13. Be3 Qa5 14. Rac1 $146 (14. Bd2 $14) (14. Bd2 a6 15. Nd1 Qc7 16. Bc3 Ne5 17. Qe2 b5 18. cxb5 axb5 19. f4 Nc4 20. Bxg7 Kxg7 {½-½ Kotomkin,I-Tishin,A (2018) Gorodets op 2012 (8)}) 14... Qb4 ({Black should play} 14... Rfb8 $11) 15. b3 $14 a6 16. Bd2 {[%emt 0:02:17][%cal Oc3b5] [#]} Qb6 17. Be3 (17. f4 $14) 17... Qc7 18. a4 Rae8 19. f4 Nf6 20. e5 Nd7 (20... dxe5 $11 21. f5 (21. fxe5 Nd7 $18) 21... Rd8) 21. e6 $16 {[%emt 0:04:22] White plays in the center} Nf6 22. g4 {[%emt 0:01:02] White has more active pieces.} Rc8 {[%emt 0:07:34] White has space advantage and is better} 23. f5 fxe6 24. dxe6 {[%emt 0:02:24] Threatens to win with g5. White has a king side majority} d5 25. Bf4 $18 {[%emt 0:03:27] White is clearly better.} (25. cxd5 $2 {loses.} Qg3+ 26. Kh1 Qxh3+ 27. Kg1 Nxg4 $19 (27... Qxg4+ $2 28. Kf2 $19)) 25... dxc4 26. Qxc4 Qc6 {[%emt 0:01:52] [#]} 27. Rcd1 $2 {[%emt 0:07:10] Weighted Error Value: White=0.18 (very precise) /Black=0.21 (precise)   Missed win:     	White=1     	---        Mistake:       	White=2     	Black=3      Inaccurate:     	White=1     	Black=2      OK:         	White=5     	Black=6      Best:        	White=2     	Black=1} (27. g5 $1 $18 ) 1/2-1/2

[Event "8th Montevideo Open 2025"]
[Site "Montevideo"]
[Date "2025.02.01"]
[Round "2.23"]
[White "Zaruski, Julio"]
[Black "Comas, Martin"]
[Result "1/2-1/2"]
[Annotator "NA RC"]
[ECO "B22"]
[WhiteElo "1860"]
[BlackElo "1716"]
[PlyCount "68"]
[EventDate "2025.02.01"]
[EventType "swiss"]
[EventCountry "URU"]
[SourceTitle "playchess.com"]
[Source "ChessBase"]
[SourceQuality "1"]
[TimeControl "5400+30"]

1. e4 c5 2. Nf3 Nc6 3. c3 g6 4. Bd3 Bg7 5. Bc2 d5 6. exd5 Qxd5 7. h3 Nf6 8. Na3 a6 9. Bb3 Qe4+ 10. Qe2 O-O 11. d3 Qxe2+ 12. Kxe2 Nd7 13. Be3 b5 14. Bd5 Bb7 15. Nc2 e6 16. Bxc6 Bxc6 17. Rhg1 Rac8 18. d4 Be4 19. Nfe1 e5 20. dxc5 Nxc5 21. f3 Bd5 22. Kf2 Na4 23. Nb4 Bb7 24. Rb1 a5 25. Nbc2 Rfd8 26. f4 Bd5 27. fxe5 Bxe5 28. Nf3 Bg7 29. a3 Be4 30. Rgc1 Nc5 31. Nfe1 a4 32. Rd1 Nd3+ 33. Nxd3 Bxd3 34. Rbc1 Bxc2 1/2-1/2

[Event "8th Montevideo Open 2025"]
[Site "Montevideo"]
[Date "2025.02.01"]
[Round "2.24"]
[White "Kaciusis, Daniel"]
[Black "Lanzilotta, Filippo"]
[Result "0-1"]
[Annotator "NA RC"]
[ECO "C66"]
[WhiteElo "1675"]
[BlackElo "1854"]
[PlyCount "58"]
[EventDate "2025.02.01"]
[EventType "swiss"]
[EventCountry "URU"]
[SourceTitle "playchess.com"]
[Source "ChessBase"]
[SourceQuality "1"]
[TimeControl "5400+30"]

1. e4 e5 2. Nf3 Nf6 3. Nc3 Nc6 4. Bb5 d6 5. h3 Be7 6. d4 exd4 7. Nxd4 Bd7 8. O-O O-O 9. Be3 Nxd4 10. Qxd4 c6 11. Bd3 b5 12. b4 Qc7 13. Bf4 Nh5 14. Bd2 Bf6 15. Qe3 c5 16. Nd5 Qc6 17. Nxf6+ Nxf6 18. bxc5 dxc5 19. c3 Rfe8 20. Rae1 Rad8 21. Bb1 Be6 22. Bc1 Bc4 23. f3 Bxf1 24. Kxf1 Qc7 25. f4 Nd5 26. Qf3 Nb6 27. e5 Nc4 28. Qe2 Qd7 29. Kg1 g6 0-1

[Event "8th Montevideo Open 2025"]
[Site "Montevideo"]
[Date "2025.02.02"]
[Round "3.1"]
[White "Shoker, Samy"]
[Black "Carbone, Diego"]
[Result "1-0"]
[Annotator "TA"]
[ECO "A07"]
[WhiteElo "2446"]
[BlackElo "2216"]
[PlyCount "65"]
[EventDate "2025.02.01"]
[EventType "swiss"]
[EventCountry "URU"]
[SourceTitle "playchess.com"]
[Source "ChessBase"]
[SourceQuality "1"]
[TimeControl "5400+30"]

1. Nf3 Nf6 2. g3 d5 3. Bg2 e6 4. O-O Be7 5. d3 O-O 6. Nbd2 Nc6 7. a3 {[%emt 0:04:24] A07: Réti Opening: New York and Capablanca Systems.} a5 8. b3 Re8 $146 (8... e5 9. Bb2 e4 10. Nd4 e3 11. fxe3 Ng4 12. Nxc6 bxc6 13. Rf3 Bc5 14. Bd4 Qe7 {1-0 Sameer,L (2210)-Lysyj,I (2589) Titled Tuesday intern op 30th Apr Early blitz 2024 (1)}) 9. Bb2 {[%emt 0:00:28] The position is equal.} Bc5 {[%emt 0:05:34] [#]} (9... Bf8 $11) 10. c4 (10. d4 $1 $16 ) 10... d4 $11 {[%emt 0:04:36] [#]} 11. b4 $1 axb4 12. Nb3 Bf8 13. axb4 Rxa1 14. Qxa1 {[%emt 0:02:03] and b5 should not be overlooked} e5 15. b5 Nb4 16. Qa4 c5 17. bxc6 Nxc6 18. Nfd2 Bg4 19. Re1 Qa8 20. Qb5 Qa2 21. Rb1 (21. Bxc6 $2 bxc6 22. Nc1 cxb5 $19) (21. Qxb7 Nd8 22. Qb5 (22. Nc1 $2 Qa5 $19) 22... Qxb2 $17) 21... Bb4 $2 {[%emt 0:14:06] Loses the game.} (21... Bxe2 $2 22. Nc1 (22. Qxb7 $2 {loses.} Rb8 $19) 22... Qa8 23. Nxe2 $18) (21... Nd7 $14) 22. Qxb7 $18 ({Not} 22. Bxc6 Bxd2 23. Nxd2 bxc6 $11) 22... Bxd2 23. Nxd2 Rb8 (23... Nd8 $142 24. Qb5 Bd7) 24. Qxc6 Bd7 (24... h6 $142 25. Be4 Nxe4 26. Qxe4 Bh3) 25. Qc7 {[%emt 0:01:04][%csl LRb8,LRe5] White is clearly winning.} Rxb2 26. Rxb2 Qxb2 27. Qd8+ Be8 28. Ne4 Qa1+ 29. Bf1 {[%emt 0:00:08] Active counter play!} Qa4 30. Nxf6+ gxf6 31. Qxf6 Qa5 32. h4 Ba4 33. h5 {[%emt 0:00:27] Weighted Error Value: White=0.11 (very precise) /Black=0.42  Mistake:       	White=1     	Black=4      Inaccurate:     	White=1     	Black=1      OK:         	White=12    	Black=11     Best:        	White=3     	Black=2      Brilliant:      	White=1     	---} 1-0